 Dungeon Crawl Stone Soup version 0.31-a0-859-g9dce7d3444 (webtiles) character file.

Game seed: 7355544387942764447

110 wingedge the Ruffian (level 4, -3/31 HPs)
             Began as an Octopode Shapeshifter on Oct 9, 2023.
             Splashed by a jelly's acid (10 damage)
             ... on level 2 of the Dungeon.
             The game lasted 00:08:14 (1369 turns).

wingedge the Ruffian (Octopode Shapeshifter)        Turns: 1369, Time: 00:08:14

Health: -3/31      AC:  1    Str: 15    XL:     4   Next: 91%
Magic:  4/4        EV: 13    Int: 12    God:
Gold:   116        SH:  0    Dex: 11    Spells: 3/3 levels left

rFire   + .          .
                       - Unarmed
rCold   . . .        (no shield)
rNeg    . . .        (helmet currently unavailable)
rPois   .            (no amulet)
rElec   .            f - ring of flight
rCorr   .            m - ring of protection from fire
SInv    .            (no ring)
Will    .....        (no ring)
Stlth   ++           (no ring)
HPRegen 0.25/turn    (no ring)
MPRegen 0.09/turn    (no ring)
                     (no ring)

%: no passive effects
@: beast-form, flying
A: beast (slay +2), almost no armour, amphibious, 8 rings, camouflage 1,
gelatinous body 1, (nimble swimmer 1), tentacles
a: Begin Untransformation


You were on level 2 of the Dungeon.
You were a hulking beast.
You visited 1 branch of the dungeon, and saw 2 of its levels.

You collected 116 gold pieces.

Inventory:

Missiles
 g - 6 boomerangs (quivered)
Jewellery
 f - a ring of flight (left tentacle)
 m - a ring of protection from fire (right tentacle)
Talismans
 b - a beast talisman (active)
 c - a flux talisman
Scrolls
 d - a scroll of fear {unknown}
 h - a scroll of brand weapon {unknown}
 i - 3 scrolls of identify {unknown}
 j - a scroll of vulnerability {unknown}
 l - 2 scrolls of amnesia {unknown}
Potions
 a - a potion of lignification
 e - 2 potions of invisibility {unknown}
 k - a potion of curing {unknown}


   Skills:
 * Level 3.2 Fighting
 - Level 2.0 Dodging
 + Level 3.7 Unarmed Combat
 + Level 3.6 Shapeshifting


You had 3 spell levels left.
You didn't know any spells.
Your spell library contained the following spells:

 Spells                   Type           Power      Damage    Failure   Level
 Freeze                   Ice            0%         1d3       32%         1
 Frozen Ramparts          Ice            0%         1d1       69%         3
 Hailstorm                Conj/Ice       0%         3d3       69%         3


Dungeon Overview and Level Annotations

Branches:
Dungeon (2/15)

Altars:
Gozag

Shops:
D:2 (


Innate Abilities, Weirdness & Mutations

You are a hulking beast.
Your limbs bulge with bestial killing power. (Slay +2)
You cannot wear most types of armour.
You are amphibious.
You can wear up to eight rings at the same time.
Your skin changes colour to match your surroundings (Stealth+).
Your rubbery body absorbs attacks. (AC +1, EV +1)
((You are camouflaged when in or above water. (Stealth+)))
You have tentacles for arms and can constrict up to eight enemies at once.


Message History

The toadstool is destroyed!
The endoplasm quivers.
You tentacle-slap the endoplasm. You squeeze the endoplasm.
You kill the endoplasm!
The jelly quivers.
The jelly hits the fungus.
The fungus begins to die.
The fungus is splashed with acid.
The acid corrodes the fungus!
The endoplasm quivers.
The endoplasm hits the fungus.
The fungus begins to die.
The endoplasm freezes you.
You are frozen.
There is an open door here.
You tentacle-slap the endoplasm.
The endoplasm is heavily wounded.
A nearby fungus withers and dies.
The endoplasm hits the fungus.
The fungus begins to die.
The endoplasm hits the fungus.
The endoplasm hits you.
You bludgeon the endoplasm!
You kill the endoplasm!
The endoplasm quivers.
The endoplasm hits the fungus.
The fungus begins to die.
You tentacle-slap the endoplasm.
The endoplasm is almost dead.
A nearby fungus withers and dies.
The endoplasm barely misses you.
You tentacle-slap the endoplasm.
You kill the endoplasm!
A nearby fungus withers and dies.
You tentacle-slap the jelly.
Your tentacles burn!
You squeeze the jelly!
The jelly is almost dead.
The jelly hits you.
You are splashed with acid!
You tentacle-slap the jelly.
You kill the jelly!
Your Fighting skill increases to level 3!
A nearby fungus withers and dies.
You tentacle-slap the jelly.
Your tentacles burn!
The jelly is lightly wounded.
The jelly hits you.
* * * LOW HITPOINT WARNING * * *
You are splashed with acid!
You die...

#.##.####.....##
#.#..# #.......#
#.#.## #.......#
#.#.# #.......#
#.#.## #.......#
#....# ####....#
###.####..'....# #.#
#.########
#######.####...).h##
.........#
#######J##
#######..#
...P...P.# #..#
.PJ..JJ..# ##.##
.÷JPJ..P÷# +..#
.P...P...# #..#
.P.P.P...# ######.#
(P.P...P÷# #......#
##########


You could see a jelly.

Vanquished Creatures
  A jelly (D:2)
  4 adders (D:2)
  A dart slug (D:1)
  5 bats (D:1)
  7 endoplasms
  2 giant cockroaches (D:1)
  A goblin (D:1)
  A hobgoblin (D:1)
  11 kobolds
  A quokka (D:1)
  5 ball pythons (D:1)
  A frilled lizard (D:2)
  5 rats (D:1)
45 creatures vanquished.

Notes
Turn   | Place    | Note
-------+----------+-------------------------------------------
     0 | D:1      | wingedge the Octopode Shapeshifter began the quest for the
                  | Orb.
     0 | D:1      | Reached XP level 1. HP: 13/13 MP: 1/1
   122 | D:1      | Reached XP level 2. HP: 18/18 MP: 2/2
   514 | D:1      | Reached XP level 3. HP: 19/24 MP: 3/3
   950 | D:2      | Found Weefot's Weapon Shoppe.
  1168 | D:2      | Found an opulent altar of Gozag.
  1187 | D:2      | Reached XP level 4. HP: 17/30 MP: 4/4
  1369 | D:2      | Splashed by a jelly's acid

Illustrated notes

Levels and vault maps discovered:
D:1:      lightli_arrival_maybe_door_vault, layout_basic, minmay_misc_feat_five,
          nrook_mini_vaults
D:2:      cheibrodos_fertilizer, layout_loops_ring,
          shapermc_ecumenical_altar_ellora, basic_altar, serial_shops,
          nicolae_shop_hallway_stairs, nicolae_diamond_shop

Skill      XL: |  1  2  3  4 |
---------------+-------------+-----
Fighting       | 2 3 |  3.2
Dodging        | |  2.0
Unarmed Combat | |  3.7
Shapeshifting  | |  3.6

Action                     |  1- 3 |  4- 6 || total
---------------------------+-------+-------++-------
  Melee: Unarmed           |    78 |    16 ||    94
         Constrict         |    19 |     3 ||    22
         Tentacles         |     8 |     3 ||    11
         Punch             |     1 |       ||     1
   Stab: Sleeping          |     6 |     1 ||     7
 Armour: Skin              |    26 |     7 ||    33
  Dodge: Dodged            |    48 |     8 ||    56

Table legend: (Time is in decaauts)
 A = Elapsed time spent in this place.
 B = Non-inter-level travel time spent in this place.
 C = Inter-level travel time spent in this place.
 D = Time resting spent in this place.
 E = Time spent auto-exploring this place.
 F = Levels seen in this place.
 G = Mean time per level.
                   A        B        C        D        E       F      G
               +--------+--------+--------+--------+--------+-----+--------+
         Total |   1362 |   1326 |     36 |    132 |    873 |   2 |  681.0 |
       Dungeon |   1362 |   1326 |     36 |    132 |    873 |   2 |  681.0 |
               +--------+--------+--------+--------+--------+-----+--------+

Top non-repeatable levels by time:
     D:1: 1025 daAuts
     D:2: 336 daAuts
